 Dungeon Crawl Stone Soup version 0.26-a0-259-g1effd001a9 (webtiles) character file.

Game seed: 2960363592669425589

582 mortelune the Slasher (level 7, -7/56 HPs)
             Began as a Formicid Abyssal Knight on July 17, 2020.
             Was a Priest of Lugonu.
             Mangled by an ogre
             ... wielding a +0 giant spiked club
              (19 damage)
             ... on level 4 of the Dungeon.
             The game lasted 00:09:31 (4784 turns).

mortelune the Slasher (Formicid Abyssal Knight)     Turns: 4784, Time: 00:09:32

Health: -7/56      AC: 10    Str: 17    XL:     7   Next: 63%
Magic:  9/9        EV:  7    Int: 12    God:    Lugonu [***...]
Gold:   209        SH:  0    Dex: 11    Spells: 6/6 levels left

rFire    . . .     SeeInvis +   a - +2 falchion
rCold    + . .     Faith    .   (no shield)
rNeg     . . .     Spirit   .   n - +1 chain mail
rPois    .         Reflect  .   (helmet unavailable)
rElec    .         Harm     .   (no cloak)
rCorr    .                      (no gloves)
MR       .....                  (no boots)
Stlth    ..........             (no amulet)
HPRegen  0.18/turn              W - ring of wizardry
MPRegen  0.11/turn              I - ring of protection from cold

@: no status effects
A: permanent stasis, dig shafts and tunnels, four strong arms, antennae 3
a: Dig, Shaft Self, Depart the Abyss, Bend Space, Banish, Renounce Religion


You were on level 4 of the Dungeon.
You worshipped Lugonu.
Lugonu was most pleased with you.
You were not hungry.

You visited 1 branch of the dungeon, and saw 4 of its levels.
You visited the Abyss 1 time.
You also visited: Sewer.

You collected 209 gold pieces.

Inventory:

Hand Weapons
 a - a +2 falchion (weapon)
Missiles
 e - 3 curare-tipped darts (quivered)
Armour
 b - a +0 leather armour
 m - a +0 ring mail
 n - a +1 chain mail (worn)
Jewellery
 h - an uncursed ring of flight
 I - a ring of protection from cold (right hand)
 N - an uncursed ring of positive energy
 W - a ring of wizardry (left hand)
Wands
 f - a wand of paralysis (1)
 r - a wand of flame (22)
Scrolls
 j - a scroll of magic mapping
 q - a scroll of amnesia
 t - 2 scrolls of teleportation
 B - 2 scrolls of blinking
Potions
 d - a potion of flight {unknown}
 g - a potion of might
 k - a potion of invisibility
 l - a potion of ambrosia
 o - 2 potions of heal wounds
 u - a potion of curing
Comestibles
 c - 6 rations


   Skills:
 + Level 5.3 Fighting
 * Level 6.0 Long Blades
 + Level 3.9 Armour
 - Level 0.8 Dodging
 + Level 2.7 Invocations


You had 6 spell levels left.
You didn't know any spells.
Your spell library was empty.

Dungeon Overview and Level Annotations

Branches:
Dungeon (4/15)              Sewer (visited)
 Temple: D:4-7

Altars:
Cheibriados


Innate Abilities, Weirdness & Mutations

You cannot be hasted, slowed, berserked, paralysed or teleported.
You can dig through walls and to a lower floor.
Your four strong arms can wield two-handed weapons with a shield.
You have a pair of large antennae on your head. (SInv)


Message History

You kill the quokka!
Lugonu accepts your kill.
You hit the ogre but do no damage.
The ogre is heavily wounded.
The ogre is no longer moving slowly.
The ogre hits you with a +0 giant spiked club.
You barely miss the ogre.
The ogre is heavily wounded.
You hit the ogre.
The ogre is severely wounded.
The ogre hits you with a +0 giant spiked club!!
You completely miss the ogre.
The ogre is severely wounded.
The ogre hits you with a +0 giant spiked club!!
* * * LOW HITPOINT WARNING * * *
The ogre looks more healthy.
You hit the ogre.
The ogre is almost dead.
The ogre hits you with a +0 giant spiked club!!
You die...

...#...†.# ...#....###
..........### ............# ###
....#.......# ### #≈#
.†.........### #.#### #.#
#..#.........###....# #≈#
#.###........#......# #≈#
.......#.....#..@..## #≈#
##.....#........O...# #≈#
#......##..........####≈#
.......##.....##..##.##≈###
.............##..##...#≈#.###
######..#....##.†###.)÷.....##**
#............#.....#....#,*
***#.<.......#....##..#......**
**............#.............#.,*


You could see an ogre.

Vanquished Creatures
  A bullfrog (Sewer)
  An orc wizard (D:3)
  A hound (D:4)
  An orc priest (D:3)
  2 iguanas
  Terence (D:2)
  Natasha (twice) (D:2)
  A worker ant (D:3)
  9 adders
  12 oozes (Sewer)
  A worm (D:3)
  3 dart slugs
  8 leopard geckos
  An orc (D:2)
  15 giant cockroaches
  10 goblins
  14 hobgoblins
  12 jackals
  7 kobolds
  3 quokkas
  5 ball pythons
  7 bats
  15 frilled lizards
  9 rats
141 creatures vanquished.

Notes
Turn   | Place    | Note
-------+----------+-------------------------------------------
     0 | Abyss:1  | mortelune the Formicid Abyssal Knight began the quest for
                  | the Orb.
     0 | Abyss:1  | Reached XP level 1. HP: 18/18 MP: 2/2
    55 | Abyss:1  | Noticed a large abomination
    57 | D:1      | Escaped the Abyss
   289 | D:1      | Reached XP level 2. HP: 24/24 MP: 3/3
   452 | D:1      | Reached * piety under Lugonu
   514 | D:1      | Reached XP level 3. HP: 27/30 MP: 4/4
   606 | D:1      | Reached skill level 3 in Long Blades
  1522 | D:2      | Noticed Terence
  1529 | D:1      | Reached XP level 4. HP: 37/37 MP: 5/5
  1787 | D:2      | Reached skill level 4 in Long Blades
  2160 | D:2      | Reached XP level 5. HP: 38/42 MP: 6/6
  2563 | D:2      | Noticed Natasha
  2570 | D:2      | Killed Natasha
  2740 | D:2      | Killed Terence
  2799 | D:2      | Noticed Natasha
  2813 | D:2      | Killed Natasha
  2813 | D:2      | Reached XP level 6. HP: 44/49 MP: 7/7
  2922 | D:3      | Reached ** piety under Lugonu
  3032 | D:3      | Reached skill level 5 in Long Blades
  3673 | D:3      | Reached skill level 5 in Fighting
  3797 | D:4      | Found a snail-covered altar of Cheibriados.
  3807 | D:4      | Reached XP level 7. HP: 45/56 MP: 8/8
  3877 | D:4      | Found a glowing drain.
  3886 | Sewer    | Entered a sewer
  4153 | Sewer    | Reached *** piety under Lugonu
  4640 | Sewer    | Reached skill level 6 in Long Blades
  4784 | D:4      | Mangled by an ogre

Illustrated notes

Levels and vault maps discovered:
D:1:      lightli_arrival_farm, layout_loops_cross, serial_forest,
          infiniplex_forest_lined_room_2, infiniplex_forest_straight_2,
          infiniplex_forest_end_1, infiniplex_forest_straight_3,
          infiniplex_forest_clump_diagonal, infiniplex_forest_straight_2,
          infiniplex_forest_clump_tiny, infiniplex_forest_zigzag_1,
          infiniplex_forest_straight_4, infiniplex_forest_lined_1
D:2:      layout_basic, first_ration, grunt_decor_fettered,
          minmay_joined_circles, uniq_terence, uniq_natasha
D:3:      layout_rooms, chequers_serial_rivers_small_a
D:4:      layout_cave_pools, minitemple, nicolae_tso_carved_into_rock,
          overflow_temple_1_default, portal_sewer_entry_d

Skill      XL: |  1  2  3  4  5  6  7 |
---------------+----------------------+-----
Long Blades    | 3 4 5 6 |  6.0
Fighting       | 4 5 |  5.3
Armour         | 3 |  3.9
Dodging        | |  0.8
Invocations    | |  2.7

Action                   |  1- 3 |  4- 6 |  7- 9 || total
-------------------------+-------+-------+-------++-------
Melee: Falchion          |    65 |   247 |   184 ||   496
Throw: Dart              |     2 |       |     1 ||     3
Invok: Depart the Abyss  |     1 |       |       ||     1
 Abil: Dig               |       |     1 |       ||     1
  Use: Scroll            |       |     3 |    10 ||    13
  Eat: Ration            |     1 |     2 |     1 ||     4
Armor: Leather armour    |    14 |       |       ||    14
       Ring mail         |     5 |     5 |       ||    10
       Chain mail        |       |   175 |   144 ||   319
Dodge: Dodged            |    52 |   112 |    73 ||   237
       Rpst.: Falchion   |    13 |    35 |    29 ||    77

Table legend:
 A = Non-vault XP
 B = Vault XP
 C = Vault XP percentage of total XP
 D = Non-vault monster count
 E = Vault monster count
 F = Vault count percentage of total count
                 A         B        C        D         E       F
            +---------+---------+-------+---------+---------+-------
      Total |     462 |     370 |  44.5 |      81 |      60 |  42.6
            +---------+---------+-------+---------+---------+-------
        D:1 |      61 |       0 |   0.0 |      29 |       0 |   0.0
        D:2 |     131 |     106 |  44.7 |      19 |      13 |  40.6
        D:3 |     186 |       0 |   0.0 |      28 |       0 |   0.0
        D:4 |      84 |      13 |  13.4 |       5 |       1 |  16.7
      Sewer |       0 |     251 | 100.0 |       0 |      46 | 100.0
            +---------+---------+-------+---------+---------+-------
